cohdb
Replays
Latest Replays
All Replays
Popular Replays
Top Player Replays
Match Explorer
How It Works
Community
CoH3 Stats
Reddit
Sign in to upload your games and track your stats! →
Sign in with Steam
Match 42797499
Unlisted
Match 42797499
Overview
Messages
Build Orders
End
Scout Squad
Construct Barracks
1⁄4-ton 4x4 Truck
Riflemen Squad
Riflemen Squad
M1 Mortar Team
Infantry Support Center
Construct Motor Pool
Construct Medical Station
Engineer Squad
Grenade Package
M1 Anti-tank Gun Team
Selects Special Operations Battlegroup
M8 Greyhound Armored Car
Selects Smoke Screen
Selects SSF Commando Squad
SSF Commando Squad
SSF Commando Squad
[PD] reloadKing
[PD]Bimbi
Dominik
beniu
0
0
Comments
sign in to comment!
No comments posted yet!